 Dungeon Crawl Stone Soup version 0.29.0-4-gdea44cf6ec (webtiles) character file.

Game seed: 5826221077174995261

359 qw the Ruffian (level 6, -2/51 HPs)
             Began as a Ghoul Fire Elementalist on Aug 29, 2022.
             Slain by a gnoll
             ... wielding a +0 halberd
              (10 damage)
             ... on level 4 of the Dungeon.
             The game lasted 00:02:55 (4205 turns).

qw the Ruffian (Ghoul Fire Elementalist)            Turns: 4205, Time: 00:02:56

Health: -2/51      AC:  6    Str: 14    XL:     6   Next: 65%
Magic:  7/7        EV: 10    Int: 10    God:
Gold:   134        SH:  0    Dex:  9    Spells: 7/8 levels left

rFire   + . .      SeeInvis .     - Unarmed
rCold   + . .      Faith    .   (no shield)
rNeg    + + +      Spirit   .   n - +0 ring mail
rPois   inf        Reflect  .   (no helmet)
rElec   .          Harm     .   d - +0 cloak
rCorr   .          Rampage  .   (no gloves)
Will    .....                   (no boots)
Stlth   +.........              (no amulet)
HPRegen 0.00/turn               b - ring of protection from fire
MPRegen 0.10/turn               l - +4 ring of slaying {mikee}

@: inhibited regen
A: claws 1, cold resistance 1, negative energy resistance 3, inhibited
regeneration, torment resistance 2, devour on kill
a: no special abilities


You were on level 4 of the Dungeon.
You visited 1 branch of the dungeon, and saw 4 of its levels.

You collected 134 gold pieces.


Innate Abilities, Weirdness & Mutations

You are immune to poison.
You have sharp fingernails.
Your flesh is cold resistant. (rC+)
You are immune to negative energy. (rN+++)
You do not regenerate when monsters are visible.
You are immune to unholy pain and torment.
You thrive by killing the living.


   Skills:
 - Level 3.2 Fighting
 - Level 1.7 Dodging
 - Level 2.1 Stealth
 + Level 6.1 Unarmed Combat
 - Level 1.7 Spellcasting
 - Level 0.7 Conjurations
 - Level 2.4 Fire Magic


You had 7 spell levels left.
You knew the following spells:

 Your Spells              Type           Power      Damage    Failure   Level
a - Foxfire               Conj/Fire      16%        2x1d4     34%         1

Your spell library contained the following spells:

 Spells                   Type           Power      Damage    Failure   Level
 Scorch                   Fire           10%        2d6       36%         2
 Conjure Flame            Conj/Fire      4%         6-21      71%         3
 Inner Flame              Hex/Fire       3%         N/A       77%         3
 Flame Wave               Conj/Fire      4%         2d5       98%         4

Inventory:

Armour
 d - a +0 cloak (worn)
 n - a +0 ring mail (worn)
Jewellery
 b - a ring of protection from fire (left claw)
 l - a +4 ring of slaying (right claw) {mikee}
Scrolls
 o - a scroll of identify
Potions
 a - 2 potions of curing
 e - a potion of cancellation
 g - a potion of brilliance {unknown}
 i - a potion of heal wounds {unknown}
 j - a potion of resistance {unknown}

Dungeon Overview and Level Annotations

Branches:
Dungeon (4/15)
 Temple: D:4-7

Altars:
Qazlal


Message History

4194 ||| Stepping ~*~*~tactically~*~*~ (outnumbered).
4195 ||| Stepping ~*~*~tactically~*~*~ (outnumbered).
The orc attacks as you move away! The orc barely misses you.
4196 ||| Stepping ~*~*~tactically~*~*~ (outnumbered).
The orc attacks as you move away! The orc hits you with a +0 club.
An orc priest comes into view.
It is wielding a +0 short sword of speed.
4197 ||| Stepping ~*~*~tactically~*~*~ (outnumbered).
The orc attacks as you move away! The orc hits you but does no damage.
The orc priest shouts!
You scratch the orc.
The orc is severely wounded.
The hobgoblin barely misses you. The orc hits you with a +0 falchion.
4199 ||| Stepping ~*~*~tactically~*~*~ (outnumbered).
The orc attacks as you move away! The orc hits you with a +0 club.
The hobgoblin attacks as you move away! The hobgoblin barely misses you.
The orc barely misses you. The orc hits you with a +0 falchion.
4200 ||| Stepping ~*~*~tactically~*~*~ (outnumbered).
An orc comes into view. It is wielding a +0 flail.
The orc shouts!
The orc throws a boomerang.
The boomerang barely misses you.
4201 ||| Stepping ~*~*~tactically~*~*~ (outnumbered).
The orc attacks as you move away! The orc hits you with a +0 falchion.
The hobgoblin closely misses you. The gnoll barely misses you.
You scratch the orc but do no damage. The hobgoblin hits you.
The orc hits you with a +0 club. The gnoll closely misses you.
The orc hits you with a +0 club.
You closely miss the orc. You claw the orc!
You kill the orc!
The gnoll hits you from afar with a +0 halberd!
The hobgoblin closely misses you. The orc hits you with a +0 club.
You claw the orc!
You kill the orc!
You feel better. The gnoll barely misses you. The hobgoblin closely misses you.
The orc hits you with a +0 club.
You claw the orc priest! Your claw misses the orc priest.
The orc priest is severely wounded.
The hobgoblin hits you.
The gnoll hits you from afar with a +0 halberd!
You die...

#..........%..#
..........%..###.#
.............'...#
.............#####
....o.......##
.............#
###..g......# #.#
#oo....%..# #.#
#@g.......# #.#
#######...####.###
#...........
####........
#........
#........
###.#...# #.#.#.#
#...#.#


You could see an orc priest, a gnoll, 2 orcs and a hobgoblin.

Vanquished Creatures
  2 bullfrogs
  A scorpion (D:4)
  3 gnolls
  8 adders
  3 worms
  2 dart slugs
  3 orcs
  3 ball pythons
  5 endoplasms
  2 giant cockroaches
  9 goblins
  3 hobgoblins
  4 jackals (D:2)
  2 quokkas
  3 bats (D:1)
  5 frilled lizards
  A kobold (D:3)
  3 rats
62 creatures vanquished.

Notes
Turn   | Place    | Note
-------+----------+-------------------------------------------
     0 | D:1      | qw the Ghoul Fire Elementalist began the quest for the Orb.
     0 | D:1      | Reached XP level 1. HP: 14/14 MP: 2/2
     0 | D:1      | 0 ||| qw: Version: 0.1-a-90-g952f4b7
     0 | D:1      | 0 ||| qw: Game counter: 4178
     0 | D:1      | 0 ||| qw: Always use a shield: true
     0 | D:1      | 0 ||| qw: God list: Okawaru
     0 | D:1      | 0 ||| qw: Allow faded altars: false
     0 | D:1      | 0 ||| qw: Do Orc after D:15 true
     0 | D:1      | 0 ||| qw: Do second Lair branch before Depths: true
     0 | D:1      | 0 ||| qw: Lair rune preference: random
     0 | D:1      | 0 ||| qw: Plans: Normal
     0 | D:1      | 0 ||| PLANNING D:1-11
    58 | D:1      | 58 ||| Stepping ~*~*~tactically~*~*~ (hiding).
   160 | D:1      | 160 ||| Stepping ~*~*~tactically~*~*~ (hiding).
   262 | D:1      | 262 ||| Stepping ~*~*~tactically~*~*~ (hiding).
   364 | D:1      | 364 ||| Stepping ~*~*~tactically~*~*~ (hiding).
   536 | D:1      | Reached skill level 1 in Unarmed Combat
   718 | D:1      | Reached XP level 2. HP: 22/22 MP: 3/3
   733 | D:1      | Reached skill level 1 in Fighting
  1042 | D:1      | 1042 ||| Stepping ~*~*~tactically~*~*~ (stealth).
  1048 | D:1      | 1048 ||| Stepping ~*~*~tactically~*~*~ (stealth).
  1050 | D:1      | 1050 ||| Stepping ~*~*~tactically~*~*~ (stealth).
  1051 | D:1      | 1051 ||| Stepping ~*~*~tactically~*~*~ (stealth).
  1060 | D:1      | 1060 ||| READING scroll labelled YRAUTS ASOO.
  1061 | D:1      | 1061 ||| READING scroll labelled OQYTID DAVIOG.
  1156 | D:1      | Reached skill level 2 in Unarmed Combat
  1442 | D:1      | 1442 ||| UPGRADING to +0 cloak.
  1447 | D:1      | 1447 ||| READING scroll labelled EMONTU ZUWELOP.
  1448 | D:1      | 1448 ||| DROPPING potion of magic.
  1561 | D:2      | 1561 ||| Stepping ~*~*~tactically~*~*~ (stealth).
  1564 | D:2      | 1564 ||| Stepping ~*~*~tactically~*~*~ (stealth).
  1569 | D:2      | Reached XP level 3. HP: 26/28 MP: 4/4
  1604 | D:2      | 1604 ||| Stepping ~*~*~tactically~*~*~ (stealth).
  1606 | D:2      | 1606 ||| Stepping ~*~*~tactically~*~*~ (stealth).
  1611 | D:2      | 1611 ||| Stepping ~*~*~tactically~*~*~ (stealth).
  1674 | D:2      | 1674 ||| FLEEEEING.
  1675 | D:2      | 1675 ||| FLEEEEING.
  1676 | D:2      | 1676 ||| FLEEEEING.
  1677 | D:2      | 1677 ||| FLEEEEING.
  1758 | D:2      | 1758 ||| Stepping ~*~*~tactically~*~*~ (stealth).
  1780 | D:2      | Reached skill level 3 in Unarmed Combat
  1829 | D:2      | 1829 ||| Stepping ~*~*~tactically~*~*~ (stealth).
  1831 | D:2      | 1831 ||| Stepping ~*~*~tactically~*~*~ (stealth).
  1854 | D:2      | 1854 ||| Stepping ~*~*~tactically~*~*~ (stealth).
  1873 | D:2      | Reached XP level 4. HP: 14/35 MP: 5/5
  1932 | D:2      | 1932 ||| Stepping ~*~*~tactically~*~*~ (stealth).
  1933 | D:2      | 1933 ||| Stepping ~*~*~tactically~*~*~ (stealth).
  2277 | D:2      | 2277 ||| Stepping ~*~*~tactically~*~*~ (stealth).
  2279 | D:2      | 2279 ||| Stepping ~*~*~tactically~*~*~ (stealth).
  2281 | D:2      | 2281 ||| Stepping ~*~*~tactically~*~*~ (stealth).
  2373 | D:2      | Reached skill level 4 in Unarmed Combat
  2695 | D:2      | 2695 ||| UPGRADING to +0 leather armour.
  2705 | D:2      | 2705 ||| DROPPING +0 robe.
  2706 | D:2      | 2706 ||| UPGRADING to ring of protection from fire.
  2707 | D:2      | 2707 ||| UPGRADING to +4 ring of slaying {mikee}.
  2708 | D:2      | 2708 ||| READING scroll labelled NOTAITUL GOUPT.
  2709 | D:2      | 2709 ||| READING scroll labelled WURENI VIUTIGH.
  2710 | D:2      | 2710 ||| READING scroll labelled YBBIWKOPAA.
  2711 | D:2      | 2711 ||| DRINKING 2 clear potions.
  2712 | D:2      | 2712 ||| DRINKING 2 fizzy red potions.
  2713 | D:2      | 2713 ||| DROPPING potion of lignification.
  2714 | D:2      | 2714 ||| DROPPING potion of attraction.
  3043 | D:3      | 3043 ||| Stepping ~*~*~tactically~*~*~ (hiding).
  3146 | D:3      | 3146 ||| STAIRDANCE
  3193 | D:2      | 3193 ||| UPGRADING to +0 ring mail.
  3203 | D:2      | 3203 ||| DROPPING +0 leather armour.
  3204 | D:2      | 3204 ||| DROPPING +6 ring of intelligence.
  3205 | D:2      | 3205 ||| READING scroll labelled ASI SAIGOI.
  3206 | D:2      | 3206 ||| READING scroll labelled VUUCKY DOPOCH.
  3207 | D:2      | 3207 ||| READING scroll labelled UKKETY GIAZ.
  3208 | D:2      | 3208 ||| DRINKING 2 grey potions.
  3209 | D:2      | 3209 ||| READING 2 scrolls of identify.
  3209 | D:2      | 3209 ||| IDENTIFYING orange potion
  3212 | D:3      | 3212 ||| STAIRDANCE
  3214 | D:2      | 3214 ||| Stepping ~*~*~tactically~*~*~ (outnumbered).
  3216 | D:2      | 3216 ||| Stepping ~*~*~tactically~*~*~ (outnumbered).
  3218 | D:2      | Reached XP level 5. HP: 28/41 MP: 6/6
  3423 | D:3      | 3423 ||| STAIRDANCE
  3767 | D:3      | 3767 ||| Stepping ~*~*~tactically~*~*~ (stealth).
  3769 | D:3      | 3769 ||| Stepping ~*~*~tactically~*~*~ (stealth).
  3815 | D:3      | Reached skill level 5 in Unarmed Combat
  3815 | D:3      | Reached XP level 6. HP: 42/48 MP: 7/7
  4070 | D:4      | 4070 ||| PLANNING SEWER
  4099 | D:4      | Reached skill level 6 in Unarmed Combat
  4180 | D:4      | Found a stormy altar of Qazlal.
  4181 | D:4      | 4181 ||| Stepping ~*~*~tactically~*~*~ (hiding).
  4182 | D:4      | 4182 ||| Stepping ~*~*~tactically~*~*~ (hiding).
  4184 | D:4      | 4184 ||| Stepping ~*~*~tactically~*~*~ (hiding).
  4190 | D:4      | Reached skill level 3 in Fighting
  4190 | D:4      | 4190 ||| Stepping ~*~*~tactically~*~*~ (outnumbered).
  4191 | D:4      | 4191 ||| Stepping ~*~*~tactically~*~*~ (outnumbered).
  4192 | D:4      | 4192 ||| Stepping ~*~*~tactically~*~*~ (outnumbered).
  4193 | D:4      | 4193 ||| Stepping ~*~*~tactically~*~*~ (outnumbered).
  4194 | D:4      | 4194 ||| Stepping ~*~*~tactically~*~*~ (outnumbered).
  4195 | D:4      | 4195 ||| Stepping ~*~*~tactically~*~*~ (outnumbered).
  4196 | D:4      | 4196 ||| Stepping ~*~*~tactically~*~*~ (outnumbered).
  4197 | D:4      | 4197 ||| Stepping ~*~*~tactically~*~*~ (outnumbered).
  4199 | D:4      | 4199 ||| Stepping ~*~*~tactically~*~*~ (outnumbered).
  4200 | D:4      | 4200 ||| Stepping ~*~*~tactically~*~*~ (outnumbered).
  4201 | D:4      | 4201 ||| Stepping ~*~*~tactically~*~*~ (outnumbered).
  4203 | D:4      | HP: 9/51 [gnoll/+0 halberd (8)]
  4205 | D:4      | Slain by a gnoll

Levels and vault maps discovered:
D:1:      co_arrival_random_square_maze, layout_loops_cross,
          minmay_misc_feat_more_columns, minmay_tetromino_i4
D:2:      layout_basic
D:3:      layout_basic, kennysheep_generic_room_4
D:4:      layout_basic, mainiacjoe_overflow_cross_hatched,
          mainiacjoe_overflow_catwalk, trog_butcher_becter,
          portal_sewer_entry_e, solitary_fountain, kennysheep_small_circle,
          uniq_grinder

Skill      XL: |  1  2  3  4  5  6 |
---------------+-------------------+-----
Unarmed Combat | 1 2 3 4 5 6 |  6.1
Fighting       | 1 2 3 |  3.2
Dodging        | |  1.7
Stealth        | |  2.1
Spellcasting   | |  1.7
Conjurations   | |  0.7
Fire Magic     | |  2.4

Action                   |  1- 3 |  4- 6 || total
-------------------------+-------+-------++-------
Melee: Unarmed           |   122 |   104 ||   226
       Punch             |     2 |     2 ||     4
  Use: Scroll            |     3 |     7 ||    10
       Potion            |       |     3 ||     3
Armor: Robe              |    27 |     5 ||    32
       Leather armour    |       |     5 ||     5
       Ring mail         |       |    17 ||    17
Dodge: Dodged            |    62 |    59 ||   121

Table legend:
 A = Non-vault XP
 B = Vault XP
 C = Vault XP percentage of total XP
 D = Non-vault monster count
 E = Vault monster count
 F = Vault count percentage of total count
                 A         B        C        D         E       F
            +---------+---------+-------+---------+---------+-------
      Total |     503 |      10 |   1.9 |      57 |       5 |   8.1
            +---------+---------+-------+---------+---------+-------
        D:1 |      21 |       7 |  25.0 |      11 |       4 |  26.7
        D:2 |     121 |       0 |   0.0 |      25 |       0 |   0.0
        D:3 |     168 |       3 |   1.8 |      14 |       1 |   6.7
        D:4 |     193 |       0 |   0.0 |       7 |       0 |   0.0
            +---------+---------+-------+---------+---------+-------
